 Dungeon Crawl Stone Soup version 0.27.0-1-g7a089689b8 (webtiles) character file.

Game seed: 12621345252007177061

81 Sin92 the Shield-Bearer (level 4, -1/35 HPs)
             Began as a Demonspawn Fighter on Aug 7, 2021.
             Slain by Crazy Yiuf (17 damage)
             ... on level 2 of the Dungeon.
             The game lasted 00:01:26 (1882 turns).

Sin92 the Shield-Bearer (Demonspawn Fighter)        Turns: 1882, Time: 00:01:27

Health: -1/35      AC:  8    Str: 17    XL:     4   Next: 20%
Magic:  4/4        EV:  7    Int: 10    God:
Gold:   75         SH:  9    Dex: 12    Spells: 3/3 levels left

rFire    . . .     SeeInvis .   a - +0 war axe
rCold    . . .     Faith    .   c - +0 kite shield
rNeg     . . .     Spirit   .   b - +0 scale mail
rPois    .         Reflect  .   (no helmet)
rElec    .         Harm     .   (no cloak)
rCorr    .         Rampage  .   (no gloves)
Will     .....                  (no boots)
Stlth    ..........             (no amulet)
HPRegen  0.11/turn              (no ring)
MPRegen  0.09/turn              (no ring)

@: no status effects
A: icy blue scales 1
a: no special abilities


You were on level 2 of the Dungeon.
You visited 1 branch of the dungeon, and saw 2 of its levels.

You collected 75 gold pieces.

Inventory:

Hand Weapons
 a - a +0 war axe (weapon)
Missiles
 m - a throwing net (quivered)
Armour
 b - a +0 scale mail (worn)
 c - a +0 kite shield (worn)
Scrolls
 f - a scroll of identify {unknown}
 j - a scroll of fog {unknown}
 k - a scroll of enchant armour {unknown}
 l - 2 scrolls of teleportation {unknown}
 n - a scroll of noise {unknown}
Potions
 d - a potion of might
 e - a potion of lignification {unknown}
 g - a potion of degeneration {unknown}
 h - a potion of attraction {unknown}
 i - a potion of heal wounds {unknown}
 o - a potion of curing {unknown}


   Skills:
 + Level 3.2 Fighting
 * Level 2.9 Axes
 + Level 3.0 Armour
 * Level 1.0 Dodging
 + Level 3.2 Shields


You had 3 spell levels left.
You didn't know any spells.
Your spell library contained the following spells:

 Spells                   Type           Power      Damage    Failure   Level
 Beastly Appendage        Tmut           0%         N/A       99%         1
 Sting                    Tmut/Pois      0%         1d3       99%         1
 Poisonous Vapours        Pois/Air       0%         N/A       100%        2
 Wereblood                Tmut           0%         N/A       100%        2
 Spider Form              Tmut/Pois      0%         N/A       100%        3
 Summon Guardian Golem    Hex/Summ       0%         N/A       100%        3
 Olgreb's Toxic Radiance  Pois           0%         N/A       100%        4
 Orb of Destruction       Conj           0%         N/A       100%        7
 Spellforged Servitor     Conj/Summ      0%         N/A       100%        7


Dungeon Overview and Level Annotations

Branches:
Dungeon (2/15)

Altars:

Annotations:
D:2 Crazy Yiuf


Innate Abilities, Weirdness & Mutations

You are partially covered in icy blue scales. (AC +2)


Message History

Unknown command.
Key pressed, stopping explore.
No target in view!
Unknown command.
Found a stone staircase leading up.
No target in view!
Unknown command.
There is a stone staircase leading down here.
There is an open door here.
You open the door.
There is an open door here.
There is a shaft here.
There is an escape hatch in the floor here.
Crazy Yiuf shouts!
Key pressed, stopping explore.
No target in view!
Unknown command.
No reachable target in view!
Could not explore, unopened runed door.
Unknown command.
No reachable target in view!
No reachable target in view!
Unknown command.
Could not explore, unopened runed door.
No reachable target in view!
Could not explore, unopened runed door.
Unknown command.
No reachable target in view!
You open the door. You hit Crazy Yiuf.
Crazy Yiuf is lightly wounded.
Crazy Yiuf says, "I'm not crazy!"
Crazy Yiuf barely misses you.
You slash Crazy Yiuf!
Crazy Yiuf is heavily wounded.
Crazy Yiuf hits you with a +4 quarterstaff of chaos.
You convulse!
Crazy Yiuf hits you with a +4 quarterstaff of chaos.
Space warps horribly around you!
You die...

......#.##.........#######
........####.............##
##....#.# #........#####..#
....#...# ########## ##.#
##..##..## #.## .......>.#
♣♣♣♣♣##..# ...###.### ###
♣♣♣.♣....#.# .#.# #...#
#...#♣..♣.......#
.#.###..##
#...g@♣♣♣♣......#
.#.#.....# #)..#♣♣ ♣♣....##
.#.#.#...# ### ♣♣####
.#.#.#...# .#.#.###.#
.........# ##########


You could see Crazy Yiuf.

Vanquished Creatures
  Jessica (D:2)
  2 adders (D:2)
  A dart slug (D:2)
  5 bats
  3 endoplasms
  3 goblins
  6 hobgoblins
  A quokka (D:1)
  3 ball pythons
  A frilled lizard (D:2)
  6 kobolds
  A rat (D:1)
33 creatures vanquished.

Notes
Turn   | Place    | Note
-------+----------+-------------------------------------------
     0 | D:1      | Sin92 the Demonspawn Fighter began the quest for the Orb.
     0 | D:1      | Reached XP level 1. HP: 18/18 MP: 1/1
   136 | D:1      | Gained mutation: You are partially covered in icy blue
                  | scales. (AC +2) [demonic ancestry]
   136 | D:1      | Reached XP level 2. HP: 18/24 MP: 2/2
   223 | D:1      | Found a faded altar of an unknown god.
   553 | D:2      | Noticed Jessica
   563 | D:2      | Killed Jessica
   564 | D:2      | Reached XP level 3. HP: 7/29 MP: 3/3
  1088 | D:2      | Found a runed translucent door.
  1089 | D:2      | Noticed Crazy Yiuf
  1530 | D:2      | Reached XP level 4. HP: 32/35 MP: 4/4
  1717 | D:2      | Reached skill level 1 in Dodging
  1882 | D:2      | Slain by Crazy Yiuf

Illustrated notes

Levels and vault maps discovered:
D:1:      saegor_arrival_simple_a, layout_rooms, ebering_ecumenical_altar_hall
D:2:      layout_basic, minmay_heptomino_o4, uniq_jessica,
          uniq_crazy_yiuf_cottage

Skill      XL: |  1  2  3  4 |
---------------+-------------+-----
Axes           | 2 |  2.9
Shields        | 3 |  3.2
Armour         | 3 |  3.0
Dodging        | 1 |  1.0
Fighting       | |  3.2

Action                   |  1- 3 |  4- 6 || total
-------------------------+-------+-------++-------
Melee: War axe           |    92 |    18 ||   110
Armor: Scale mail        |    57 |     7 ||    64
Dodge: Dodged            |    43 |     3 ||    46
Block: Kite shield       |    47 |     7 ||    54
